 Dungeon Sprint DCSS version 0.29.1-4-g47bece8355 (webtiles) character file.

Game seed: 16734165840955428181

17577 conradc the Warrior (level 12, -1/116 HPs)
             Began as a Demonspawn Berserker on Dec 12, 2022.
             Was the Champion of Trog.
             Killed from afar by a fire giant (23 damage)
             ... with a fireball
             ... in the Dungeon (Sprint IX: "|||||||||||||||||||||||||||||").
             The game lasted 00:08:06 (2683 turns).

conradc the Warrior (Demonspawn Berserker)          Turns: 2683, Time: 00:08:06

Health: -1/116     AC: 17    Str: 17    XL:     12   Next: 20%
Magic:  6/12       EV: 18    Int: 12    God:    Trog [******]
Gold:   625        SH:  5    Dex: 20    Spells: 11/11 levels left

rFire   . . .      SeeInvis .   J - +1 demon blade (flame)
rCold   + + +      Faith    .   (no shield)
rNeg    . . .      Spirit   .   K - +1 chain mail "Goiz" {rC+++}
rPois   .          Reflect  +   (no helmet)
rElec   +          Harm     .   m - +0 cloak
rCorr   .          Rampage  .   v - +0 pair of gloves
Will    +....      Clarity  +   w - +0 pair of boots
Stlth   .......... NoTele   +   A - amulet of reflection
HPRegen 0.29/turn               o - +3 ring of dexterity
MPRegen 0.13/turn               z - ring "Elakom" {rElec EV+4 Int+2}

@: mighty, on berserk cooldown, slowed, very slow
A: powered by pain 2, big brain 1, weakness stinger 1, clarity, strong-willed 1,
weak 1
a: Renounce Religion, Berserk, Trog's Hand, Brothers in Arms


You were in the Dungeon.
You worshipped Trog.
Trog was exalted by your worship.
You visited 1 branch You collected 1948 gold pieces.
You spent 1323 gold pieces at shops.

Inventory:

Hand Weapons
 a - a +0 falchion
 i - a +2 double sword of flaming
 l - a +2 scimitar of flaming
 u - a +2 antimagic great sword
 x - a +5 triple sword
 y - a +4 vorpal demon blade
 C - a +5 antimagic great sword
 J - a +1 demon blade of flaming (weapon)
Missiles
 D - 5 javelins (quivered)
Armour
 b - a +0 animal skin
 d - a +0 ring mail
 m - a +0 cloak (worn)
 n - a +2 ring mail
 v - a +0 pair of gloves (worn)
 w - a +0 pair of boots (worn)
 K - the +1 chain mail "Goiz" (worn) {rC+++}
   (You found it in the Dungeon)

   rC:        It renders you almost immune to cold.
Jewellery
 o - a +3 ring of dexterity (left hand)
 p - a +3 ring of dexterity
 z - the ring "Elakom" (right hand) {rElec EV+4 Int+2}
   (You bought it in a shop in the Dungeon)

   [ring of evasion]

   EV:        It affects your evasion (+4).
   Int:       It affects your intelligence (+2).
   rElec:     It insulates you from electricity.
 A - an amulet of reflection (around neck)
 F - a ring of fire
 G - a ring of protection from cold
 H - a ring of fire
 I - a ring of fire
Wands
 k - a wand of acid (5)
 E - a wand of polymorph (13)
Scrolls
 h - 5 scrolls of blinking
 r - a scroll of fear
 s - 4 scrolls of enchant armour
 t - a scroll of identify
 L - 3 scrolls of fog
Potions
 c - 5 potions of curing
 e - 3 potions of haste
 f - 4 potions of magic
 g - a potion of berserk rage
 j - 6 potions of heal wounds
 q - a potion of resistance
 B - a potion of mutation


   Skills:
 * Level 17.9 Fighting
 + Level 16.4 Long Blades
 * Level 11.6 Armour
 * Level 12.9 Dodging
 + Level 2.8 Stealth
 * Level 6.5 Evocations


You had 11 spell levels left.
You didn't know any spells.
Your spell library was empty.

Dungeon Overview and Level Annotations

Branches:
Dungeon (1/1)

Altars:
Cheibriados
Dithmenos
Fedhas
Gozag
Hepliaklqana
Kikubaaqudgha
Makhleb
Nemelex Xobeh
Okawaru
Qazlal
Ru
Sif Muna
Trog
Uskayaw
Vehumet
Wu Jian
Xom
Yredelemnul
Jiyva
Lugonu

Shops:
D :!=?


Innate Abilities, Weirdness & Mutations

You sometimes gain power by taking damage.
You have an unusually large brain. (Int +2)
You have a small tail.
You possess an exceptional clarity of mind.
You are strong-willed. (Will+)
You are weak. (Str -2)


Message History

The cyan ugly thing is heavily wounded.
The bolt of acid misses the fire giant.
The bolt of acid hits the basilisk!
The acid corrodes the basilisk!
The basilisk is almost dead.
The bolt of acid hits the stone giant!
The stone giant is lightly wounded.
A centaur warrior comes into view.
The cyan very ugly thing basks in the mutagenic energy from its kin and changes!
Unknown command.
You slice the purple very ugly thing!! You burn the purple very ugly thing.
The purple very ugly thing is almost dead.
You slash the purple very ugly thing! You burn the purple very ugly thing.
The purple very ugly thing is almost dead.
You slice the purple very ugly thing!! You burn the purple very ugly thing.
You kill the purple very ugly thing!
Trog accepts your kill.
You slash the cyan ugly thing! You burn the cyan ugly thing.
The cyan ugly thing is severely wounded.
The cyan ugly thing barely misses you.
You closely miss the cyan ugly thing.
The cyan ugly thing is severely wounded.
The cyan ugly thing barely misses you.
You slash the cyan ugly thing! You burn the cyan ugly thing.
You tail-slap the cyan ugly thing.
You kill the cyan ugly thing!
Trog accepts your kill.
The fire giant is no longer covered in acid.
The fire giant casts a spell at you.
The fireball explodes!
The fireball engulfs you!!!
* * * LOW HITPOINT WARNING * * *
You focus on the pain.
You feel mightier all of a sudden.
You feel much better.
An ettin comes into view. It is wielding two +0 dire flails.
Okay, then.
Your stone giant goes berserk!
The ettin shouts in stereo!
The fire giant points at you and mumbles some strange words.
The fireball explodes!
The fireball engulfs you!!
You die...

▓)▓.▓|▓.▓∩▓.▓
▓'▓.▓.▓.▓.▓.▓.▓
▓.▓.▓[▓.▓∩▓.▓C▓
▓.▓.▓.▓.▓.▓.▓c▓
▓.▓.▓.▓.▓∩▓.▓S▓
▓[▓.▓.▓.▓.▓.▓l▓
▓.▓.▓.▓.▓∩▓.▓C▓
▓.▓.▓.▓.▓)▓)▓C▓
▓)▓.▓.▓.▓)▓.▓@▓
▓?▓.▓†▓.▓)▓.▓C▓
▓.▓.▓.▓.▓)▓.▓)▓
▓'▓.▓†▓.▓)▓.▓.▓
▓_▓.▓.▓.▓'▓.▓.▓
▓_▓.▓.▓.▓.▓.▓.▓
▓_▓.▓.▓.▓.▓.▓.▓
▓_▓.▓.▓.▓.▓.▓.▓
▓_▓.▓.▓.▓.▓.▓.▓


You could see a fire giant (ally target), a stone giant, an ettin, a centaur
warrior, a basilisk (corroded), a water moccasin shaped shifter and a friendly
stone giant (summoned, berserk).

Vanquished Creatures
  A very ugly thing (D)
  2 hydras (D)
  A two-headed ogre (D)
  A centaur warrior (D)
  A death yak (D)
  A tengu warrior (D)
  Sonja (D)
  A lindwurm (D)
  6 orc knights (D)
  2 ugly things (D)
  A komodo dragon (D)
  Psyche (D)
  4 cane toads (D)
  A tengu conjurer (D)
  2 trolls (D)
  A slime creature (D)
  3 tyrant leeches (D)
  A blink frog (D)
  3 yaks (D)
  A wyvern (D)
  2 basilisks (D)
  Eustachio (D)
  A vampire mosquito (D)
  An acid dragon (D)
  2 water moccasins (D)
  19 orc warriors (D)
  An ogre (D)
  A centaur (D)
  4 bullfrogs (D)
  A howler monkey (D)
  3 orc priests (D)
  3 orc wizards (D)
  An iguana (D)
  An ufetubus (D)
  4 worms (D)
  10 orcs (D)
  2 ball pythons (D)
  An endoplasm (D)
  A kobold (D)
  A rat (D)
95 creatures vanquished.

Vanquished Creatures (collateral kills)
  Josephine (D)
  Urug (D)
  5 wraiths (D)
7 creatures vanquished.

Grand Total: 102 creatures vanquished

Notes
Turn   | Place    | Note
-------+----------+-------------------------------------------
     0 | D        | conradc the Demonspawn Berserker began the quest for the
                  | Orb.
     0 | D        | Reached XP level 1. HP: 18/18 MP: 1/1
     8 | D        | Reached ** piety under Trog
    19 | D        | Noticed an ogre
    19 | D        | Noticed an iguana
    23 | D        | Reached skill level 4 in Fighting
    31 | D        | Reached *** piety under Trog
    32 | D        | Gained mutation: You sometimes gain a little power by
                  | taking damage. [demonic ancestry]
    32 | D        | Reached XP level 2. HP: 15/26 MP: 2/2
    35 | D        | Reached skill level 5 in Fighting
    35 | D        | Gained mutation: You sometimes gain power by taking damage.
                  | [demonic ancestry]
    35 | D        | Reached XP level 3. HP: 6/33 MP: 3/3
    41 | D        | Killed an ogre
    42 | D        | Reached skill level 6 in Fighting
    42 | D        | Reached skill level 5 in Long Blades
    42 | D        | Reached XP level 4. HP: 9/41 MP: 4/4
   302 | D        | Found a snail-covered altar of Cheibriados.
   302 | D        | Found a shadowy altar of Dithmenos.
   302 | D        | Found a blossoming altar of Fedhas.
   302 | D        | Found an opulent altar of Gozag.
   303 | D        | Found a hazy altar of Hepliaklqana.
   304 | D        | Found a viscous altar of Jiyva.
   305 | D        | Found an ancient bone altar of Kikubaaqudgha.
   306 | D        | Found a corrupted altar of Lugonu.
   307 | D        | Found a burning altar of Makhleb.
   308 | D        | Found a sparkling altar of Nemelex Xobeh.
   309 | D        | Found an iron altar of Okawaru.
   310 | D        | Found a stormy altar of Qazlal.
   311 | D        | Found a sacrificial altar of Ru.
   312 | D        | Found a shimmering blue altar of Sif Muna.
   313 | D        | Found a bloodstained altar of Trog.
   314 | D        | Found a hide-covered altar of Uskayaw.
   315 | D        | Found a radiant altar of Vehumet.
   316 | D        | Found an ornate altar of the Wu Jian Council.
   317 | D        | Found a shimmering altar of Xom.
   318 | D        | Found a basalt altar of Yredelemnul.
   362 | D        | Noticed a centaur
   362 | D        | Noticed an acid dragon
   362 | D        | Noticed a yak
   362 | D        | Noticed a two-headed ogre
   365 | D        | Reached **** piety under Trog
   366 | D        | Reached skill level 7 in Fighting
   366 | D        | Gained mutation: You have an unusually large brain. (Int
                  | +2) [demonic ancestry]
   366 | D        | Reached XP level 5. HP: 48/48 MP: 5/5
   373 | D        | Killed a two-headed ogre
   374 | D        | Reached skill level 10 in Fighting
   374 | D        | Reached skill level 5 in Armour
   374 | D        | Reached XP level 6. HP: 15/61 MP: 6/6
   374 | D        | Reached XP level 7. HP: 17/67 MP: 7/7
   379 | D        | Killed a yak
   380 | D        | Reached skill level 11 in Fighting
   386 | D        | Reached ***** piety under Trog
   390 | D        | Reached XP level 8. HP: 35/75 MP: 8/8
   563 | D        | Noticed a slime creature
   563 | D        | Noticed a centaur warrior
   563 | D        | Noticed a five-headed hydra
   563 | D        | Noticed a troll
   563 | D        | Noticed a troll
   568 | D        | Killed a troll
   571 | D        | Killed a troll
   577 | D        | Reached skill level 12 in Fighting
   581 | D        | Killed a two-headed hydra
   581 | D        | Received a gift from Trog
   582 | D        | Reached skill level 10 in Long Blades
   582 | D        | Reached skill level 1 in Stealth
   582 | D        | Reached XP level 9. HP: 84/84 MP: 9/9
   586 | D        | Killed a centaur warrior
   587 | D        | Reached skill level 13 in Fighting
   592 | D        | Reached skill level 10 in Dodging
   815 | D        | Gained mutation: You have a beak for a mouth. [potion of
                  | mutation]
   936 | D        | Noticed a komodo dragon
   937 | D        | Noticed a cane toad
   944 | D        | Reached ****** piety under Trog
   950 | D        | Killed a komodo dragon
   952 | D        | Killed a cane toad
   952 | D        | Received a gift from Trog
   953 | D        | Reached XP level 10. HP: 78/93 MP: 10/10
  1025 | D        | Noticed a cane toad
  1025 | D        | Noticed a cane toad
  1030 | D        | Noticed a cane toad
  1031 | D        | Reached skill level 14 in Fighting
  1034 | D        | Killed a cane toad
  1034 | D        | Noticed a death yak
  1036 | D        | Killed a cane toad
  1047 | D        | Killed a death yak
  1051 | D        | Killed a cane toad
  1051 | D        | Received a gift from Trog
  1216 | D        | Noticed a lindwurm
  1222 | D        | Killed a lindwurm
  1223 | D        | Reached skill level 15 in Fighting
  1228 | D        | Reached skill level 10 in Armour
  1360 | D        | Noticed Eustachio
  1366 | D        | Killed Eustachio
  1516 | D        | Received a gift from Trog
  1523 | D        | Noticed an orc knight
  1529 | D        | Received a gift from Trog
  1535 | D        | Killed an orc knight
  1536 | D        | Reached skill level 1 in Evocations
  1536 | D        | Reached XP level 11. HP: 103/103 MP: 3/11
  1668 | D        | Noticed an orc knight
  1673 | D        | Received a gift from Trog
  1680 | D        | Killed an orc knight
  1713 | D        | Received a gift from Trog
  1714 | D        | Reached skill level 16 in Fighting
  1989 | D        | Found Timmi's Magic Scroll Boutique.
  1989 | D        | Noticed an orc knight
  1989 | D        | Noticed an orc knight
  1989 | D        | Noticed an orc knight
  1996 | D        | Killed an orc knight
  1998 | D        | Found Ostan's Jewellery Shop.
  2006 | D        | Killed an orc knight
  2013 | D        | Killed an orc knight
  2014 | D        | Found Bimeheqoll's Distillery.
  2015 | D        | Received a gift from Trog
  2016 | D        | Reached skill level 15 in Long Blades
  2020 | D        | Noticed an orc knight
  2029 | D        | Killed an orc knight
  2030 | D        | Found Curph's Book Shop.
  2051 | D        | Bought a scroll of blinking for 97 gold pieces
  2053 | D        | Bought the ring "Elakom" {rElec EV+4 Int+2} for 650 gold
                  | pieces
  2053 | D        | Bought an amulet of reflection for 360 gold pieces
  2062 | D        | Bought a potion of mutation for 96 gold pieces
  2062 | D        | Bought a potion of heal wounds for 60 gold pieces
  2062 | D        | Bought a potion of heal wounds for 60 gold pieces
  2390 | D        | Noticed Psyche
  2403 | D        | Killed Psyche
  2403 | D        | Received a gift from Trog
  2446 | D        | Noticed Sonja
  2453 | D        | Killed Sonja
  2456 | D        | Noticed Josephine
  2463 | D        | Killed Josephine
  2464 | D        | Reached skill level 17 in Fighting
  2464 | D        | Reached skill level 5 in Evocations
  2467 | D        | Noticed Urug
  2469 | D        | Received a gift from Trog
  2471 | D        | Killed Urug
  2613 | D        | Got the +1 chain mail "Goiz" {rC+++}
  2645 | D        | Lost mutation: You have a beak for a mouth. [potion of
                  | mutation]
  2645 | D        | Gained mutation: You are frail. (-10% HP) [potion of
                  | mutation]
  2646 | D        | Lost mutation: You are frail. (-10% HP) [potion of
                  | mutation]
  2646 | D        | Gained mutation: You are weak. (Str -2) [potion of
                  | mutation]
  2646 | D        | Gained mutation: You are strong-willed. (Will+) [potion of
                  | mutation]
  2646 | D        | Gained mutation: You possess an exceptional clarity of
                  | mind. [potion of mutation]
  2647 | D        | Noticed a seven-headed hydra
  2647 | D        | Noticed a white ugly thing
  2647 | D        | Noticed a tengu warrior
  2651 | D        | Noticed a brown ugly thing
  2655 | D        | Noticed a cyan very ugly thing
  2657 | D        | Killed a tengu warrior
  2661 | D        | Killed a white ugly thing
  2662 | D        | Gained mutation: You have a small tail. [demonic ancestry]
  2662 | D        | Reached XP level 12. HP: 114/114 MP: 3/12
  2666 | D        | Killed a four-headed hydra
  2667 | D        | Noticed a fire giant
  2670 | D        | Received a gift from Trog
  2671 | D        | Noticed a stone giant
  2675 | D        | Noticed a centaur warrior
  2678 | D        | Killed a purple very ugly thing
  2681 | D        | HP: 1/116 [fire giant/fireball (49)]
  2682 | D        | Noticed an ettin
  2683 | D        | Killed from afar by a fire giant

Illustrated notes

Levels and vault maps discovered:
D:        linesprint [early_d, line_temple, items_1, d_10, items_2, lair_1,
          lair_end, items_3, orc_1, orc_end, items_4, d_15, swamp_1, shoals_1,
          snake_1, spider_1, d_20, vaults_1, items_5, swamp_end, shoals_end,
          snake_end, spider_end, vaults_end, d_27, items_6, zot_1, zot_end,
          crypt_end, forest_end, elf_end, slime_end, tomb_end, abyss_end,
          pan_hell_end]

Skill      XL: |  1  2  3  4  5  6  7  8  9 10 11 |
---------------+----------------------------------+-----
Long Blades    | 3 5 8 9 10 12 14 16 | 16.4
Armour         | 2 3 5 6 7 9 10 11 | 11.6
Dodging        | 2 3 4 7 9 10 11 12 | 12.9
Fighting       | 4 5 6 7 10 11 12 13 15 17 | 17.9
Stealth        | 1 2 |  2.8
Evocations     | 1 6 |  6.5

Action                   |  1- 3 |  4- 6 |  7- 9 | 10-12 || total
-------------------------+-------+-------+-------+-------++-------
Melee: Falchion          |    28 |       |       |       ||    28
       Punch             |     1 |       |     1 |     1 ||     3
       Scimitar          |       |     7 |    36 |       ||    43
       Double sword      |       |       |    21 |    57 ||    78
       Peck              |       |       |     3 |    35 ||    38
       Great sword       |       |       |       |   123 ||   123
       Demon blade       |       |       |       |    25 ||    25
       Tailslap          |       |       |       |     3 ||     3
Invok: Berserk           |     1 |     1 |     1 |     6 ||     9
       Trog's Hand       |       |     1 |       |     3 ||     4
       Brothers in Arms  |       |       |       |     2 ||     2
Evoke: Wand              |       |       |       |     5 ||     5
  Use: Potion            |     1 |       |     3 |     5 ||     9
 Stab: Invisible         |       |       |     1 |       ||     1
Armor: Animal skin       |     6 |       |       |       ||     6
       Ring mail         |       |     2 |    13 |    12 ||    27
       Chain mail        |       |       |       |    10 ||    10
Dodge: Dodged            |    25 |     4 |    60 |   146 ||   235
Block: Other             |       |       |       |     5 ||     5
